Map: Orbital Shipyard

Players

llllllllll

  • Race: Zerg Zerg
  • League: Master

State - Winner!

  • Race: Protoss Protoss
  • League: Grandmaster

VOD

Have the link to the VOD?

Description

Time

  • Played on: Dec. 28, 2015, 1:48 a.m.
  • Length: 8:47
Show
View Real Time Build Order
Export as new Build Order

llllllllll Zerg 

Build Orders: Hatch First 

Get SALT Encoding   

  12  0:01  Drone  
  13  0:16  Overlord  
  13  0:18  Drone  
  14  0:34  Drone x2  
  16  0:38  Drone  
  17  0:55  Hatchery, Drone  
  17  0:59  Drone  
  18  1:14  Spawning Pool  
  18  1:15  Drone  
  18  1:20  Drone  
  19  1:32  Drone  
  20  1:44  Hatchery  
  20  1:46  Overlord  
  19  1:54  Drone  
  20  2:00  Queen  
  22  2:06  Zergling x2  
  23  2:08  Queen  
  23  2:15  Drone  
  26  2:18  Drone x2  
  28  2:26  Overlord  
  28  2:28  Drone  
  29  2:36  Drone, Queen  
  32  2:40  Drone  
  33  2:45  Queen  
  33  2:49  Drone  
  36  2:51  Drone  
  36  2:56  Queen  
  39  2:58  Drone  
  39  2:59  Drone  
  39  3:01  Drone  
  42  3:09  Drone x3  
  42  3:11  Overlord  
  45  3:16  Zergling x2  
  45  3:17  Drone x2  
  48  3:21  Drone x2  
  50  3:29  Drone x2  
  50  3:30  Drone, Extractor x2  
  50  3:31  Drone  
  52  3:35  Drone x2  
  54  3:41  Drone  
  54  3:43  Drone  
  54  3:46  Drone x2  
  54  3:47  Drone  
  58  3:49  Spore Crawler, Drone  
  58  3:58  Overlord  
  58  3:59  Overlord x3  
  58  4:13  Roach Warren  
  58  4:16  Overlord x3  
  58  4:17  Queen  
  57  4:18  Drone x3  
  57  4:21  Queen  
  57  4:23  Drone  
  65  4:25  Overlord  
  65  4:28  Extractor  
  65  4:29  Metabolic Boost  
  64  4:32  Drone x3  
  64  4:36  Drone x2  
  64  4:37  Drone  
  71  4:38  Drone  
  71  4:39  Drone  
  71  4:40  Drone  
  71  4:42  Drone  
  74  4:50  Queen  
  74  4:52  Queen  
  76  4:57  Extractor  
  76  4:58  Drone x5  
  79  5:03  Queen  
  79  5:05  Overlord  
  80  5:07  Overlord  
  80  5:09  Overlord  
  80  5:15  Roach x4  
  87  5:21  Drone x3  
  87  5:27  Roach  
  87  5:28  Roach x3, Queen  
  98  5:32  Queen  
  102  5:36  Roach  
  102  5:39  Queen  
  106  5:45  Roach x4  
  106  5:46  Roach x2  
  106  5:47  Roach  
  120  5:50  Overlord  
  120  5:51  Overlord  
  120  5:55  Overlord  
  120  6:03  Overlord  
  120  6:07  Roach  
  120  6:10  Overlord  
  122  6:11  Overlord  
  122  6:12  Overlord  
  122  6:15  Overlord  
  120  6:18  Zergling x2  
  120  6:19  Zergling x10  
  126  6:27  Spore Crawler x2, Overlord  
  125  6:32  Ravager  
  125  6:33  Ravager x2  
  125  6:34  Zergling x6  
  125  6:39  Ravager x3  
  133  6:42  Ravager  
  133  6:44  Drone  
  133  6:45  Drone x2  
  133  6:46  Spore Crawler  
  133  6:47  Queen x2  
  133  6:48  Zergling x2  
  133  6:49  Zergling x10  
  143  6:55  Zergling x4  
  143  6:57  Ravager  
  143  6:59  Overlord x3  
  133  7:23  Zergling x14  
  124  7:39  Zergling x2  
  124  7:40  Zergling x12  
  118  7:53  Zergling x8  
  112  8:01  Zergling x2  
  102  8:07  Zergling x6  
  99  8:19  Zergling x6  
  107  8:26  Hatchery  
  105  8:27  Zergling x2  
  105  8:28  Zergling x4  
Show
View Real Time Build Order
Export as new Build Order

State Protoss - Winner!

Build Orders: 1 Gate Expand, Phoenix Opening 

Get SALT Encoding   

  12  0:00  Probe (Chrono Boost)  
  13  0:11  Probe (Chrono Boost)  
  14  0:20  Pylon  
  14  0:22  Probe (Chrono Boost)  
  15  0:38  Probe (Chrono Boost)  
  15  0:42  Gateway  
  16  0:45  Assimilator  
  16  0:49  Probe (Chrono Boost)  
  17  0:59  Probe (Chrono Boost)  
  18  1:16  Probe (Chrono Boost)  
  19  1:20  Nexus  
  19  1:27  Probe (Chrono Boost)  
  20  1:33  Cybernetics Core  
  20  1:37  Probe (Chrono Boost)  
  21  1:41  Assimilator  
  21  1:48  Probe (Chrono Boost)  
  21  1:53  Pylon  
  22  1:59  Probe (Chrono Boost)  
  23  2:11  Adept  
  27  2:18  Probe (Chrono Boost), Warp Gate  
  26  2:29  Probe (Chrono Boost), Stargate  
  27  2:33  Probe (Chrono Boost)  
  28  2:38  Adept  
  28  2:39  Probe (Chrono Boost)  
  28  2:44  Probe (Chrono Boost)  
  32  2:50  Probe (Chrono Boost)  
  33  2:54  Probe (Chrono Boost)  
  34  3:00  Probe (Chrono Boost)  
  35  3:06  Nexus  
  35  3:07  Probe (Chrono Boost)  
  35  3:11  Probe (Chrono Boost)  
  37  3:16  Phoenix (Chrono Boost)  
  37  3:17  Probe  
  40  3:22  Probe  
  40  3:26  Pylon  
  41  3:28  Probe  
  42  3:34  Probe  
  42  3:38  Probe  
  42  3:39  Phoenix (Chrono Boost)  
  46  3:46  Probe  
  47  3:51  Assimilator  
  47  3:54  Gateway  
  48  3:56  Assimilator  
  48  3:58  Probe x2  
  48  4:02  Gateway  
  49  4:04  Pylon  
  49  4:08  Probe  
  49  4:10  Probe  
  49  4:12  Phoenix (Chrono Boost)  
  53  4:19  Probe, Pylon  
  53  4:20  Mothership Core  
  53  4:22  Probe  
  57  4:26  Pylon  
  57  4:30  Probe  
  57  4:33  Phoenix (Chrono Boost)  
  57  4:34  Probe  
  61  4:39  Probe  
  61  4:40  Probe  
  63  4:47  Probe  
  63  4:50  Probe  
  63  4:51  Probe  
  66  4:55  Phoenix (Chrono Boost)  
  66  4:59  Probe  
  69  5:00  Probe  
  69  5:01  Probe  
  71  5:08  Twilight Council, Forge  
  71  5:11  Probe x2  
  71  5:12  Probe  
  74  5:17  Phoenix (Chrono Boost)  
  76  5:23  Probe x3, Adept  
  81  5:32  Assimilator  
  81  5:33  Probe  
  81  5:35  Probe  
  83  5:38  Probe, Adept, Zealot, Assimilator  
  83  5:41  Robotics Facility  
  83  5:42  Protoss Ground Weapons Level 1  
  88  5:44  Probe  
  88  5:45  Charge  
  88  5:49  Pylon  
  89  5:51  Pylon  
  89  5:55  Probe  
  89  5:56  Probe  
  91  5:58  Probe, Pylon  
  92  6:08  Phoenix (Chrono Boost)  
  92  6:09  Probe  
  92  6:10  Probe  
  96  6:18  Robotics Facility  
  96  6:20  Stalker x2  
  96  6:21  Stalker  
  102  6:27  Gateway  
  102  6:29  Gateway  
  102  6:31  Gateway  
  102  6:33  Immortal (Chrono Boost)  
  102  6:35  Pylon  
  102  6:36  Pylon  
  102  6:38  Void Ray (Chrono Boost)  
  110  6:50  Stalker x3  
  116  6:54  Pylon x2  
  116  6:59  Gateway x2  
  116  7:06  Immortal (Chrono Boost)  
  120  7:13  Stalker  
  120  7:14  Stalker  
  122  7:26  Stalker  
  122  7:27  Immortal (Chrono Boost)  
  118  7:33  Mothership Core (Chrono Boost)  
  114  7:38  Zealot  
  114  7:39  Zealot x4  
  108  7:47  Immortal (Chrono Boost)  
  102  7:53  Zealot  
  100  7:59  Zealot x3  
  100  8:00  Zealot  
  104  8:09  Mothership Core (Chrono Boost)  
  104  8:11  Gateway  
  98  8:15  Gateway x3  
  98  8:16  Pylon  
  98  8:17  Pylon  
  100  8:21  Zealot x2  
  100  8:26  Zealot x3  
  111  8:38  Zealot  
  107  8:45  Zealot x2  
Tags
 
Add a new tag
Caveats
  • Supply blocks, unpowered buildings, or Contaminate may cause inaccurate times.
  • Supply counts are checked every 10 seconds.